 Dungeon Crawl Stone Soup version 0.22-a0-113-gdd6f4a9 (webtiles) character file.

169 DakAttack the Shooter (level 5, -4/41 HPs)
             Began as a Demonspawn Hunter on Jan 28, 2018.
             Slain by Calypsia's ghost (6 damage)
             ... on level 3 of the Dungeon.
             The game lasted 00:05:48 (2105 turns).

DakAttack the Shooter (Demonspawn Hunter)           Turns: 2105, Time: 00:05:48

Health: -4/41      AC:  8    Str: 12    XL:     5   Next: 25%
Magic:  5/5        EV: 13    Int: 13    God:
Gold:   163        SH:  0    Dex: 14    Spells: 4/4 levels left

rFire    . . .     SeeInvis +   n - +2 war axe (elec)
rCold    . . .     Gourm    .   (no shield)
rNeg     . . .     Faith    .   k - +0 ring mail
rPois    .         Spirit   .   i - +2 helmet {SInv}
rElec    .         Reflect  .   (no cloak)
rCorr    .         Harm     .   (no gloves)
MR       .....                  (no boots)
Stlth    +.........             (no amulet)
HPRegen  0.13/turn              (no ring)
MPRegen  0.09/turn              (no ring)

@: no status effects
A: claws 1, repulsion field 1
a: no special abilities


You were on level 3 of the Dungeon.
You were hungry.

You visited 1 branch of the dungeon, and saw 4 of its levels.

You collected 163 gold pieces.

Inventory:

Hand Weapons
 a - a +1 shortbow
 n - a +2 war axe of electrocution (weapon)
Missiles
 d - 52 arrows
Armour
 i - a +2 helmet of see invisible (worn)
 k - a +0 ring mail (worn)
Scrolls
 e - 4 scrolls of enchant weapon
 g - 2 scrolls of teleportation
 l - 2 scrolls of remove curse {unknown}
Potions
 b - a potion of resistance {unknown}
 h - a potion of degeneration {unknown}
 m - a potion of brilliance {unknown}
Comestibles
 f - 4 rations


   Skills:
 * Level 3.3 Fighting
 * Level 4.5 Bows
 + Level 1.3 Armour
 + Level 2.4 Dodging
 + Level 1.9 Stealth


You had 4 spell levels left.
You didn't know any spells.

Dungeon Overview and Level Annotations

Branches:
Dungeon (4/15)
 Temple: D:4-7

Altars:
Ashenzari
Ru

Shops:
D:4 ?*

Annotations:
D:3 Calypsia's ghost, amateur DsNe


Innate Abilities, Weirdness & Mutations

You have sharp fingernails.
You are surrounded by a mild repulsion field. (EV +2)


Message History

Pain shoots through your body!
You miss Calypsia's ghost.
Calypsia's ghost hits you but does no damage.
You hit Calypsia's ghost but do no damage.
Calypsia's ghost casts a spell at you. Pain shoots through your body!
Calypsia's ghost closely misses you.
You slash Calypsia's ghost!
Calypsia's ghost is moderately damaged.
Calypsia's ghost hits you!
* * * LOW HITPOINT WARNING * * *
You slash Calypsia's ghost!
Calypsia's ghost is severely damaged.
Calypsia's ghost points at you and mumbles some strange words.
Pain shoots through your body!
* * * LOW HITPOINT WARNING * * *
Calypsia's ghost says, "There is no future for me!"
Calypsia's ghost barely misses you.
Okay, then.
Calypsia's ghost hits you.
You die...

#.# #.# ..#
#########.#
#.......#.#
#.#####.#.#
#.#####.#.######
#........W@...<#
####......######
#........(#
###.##.##.#
#.##.##.####
#...>.......
#######.####


You could see Calypsia's ghost.

Vanquished Creatures
  3 worker ants (D:4)
  A worker ant zombie (D:4)
  3 adders (D:4)
  An ooze (D:2)
  A worm (D:2)
  2 dart slugs
  4 leopard geckos
  4 giant cockroaches
  3 goblins (D:1)
  6 hobgoblins
  3 quokkas
  7 bats
  2 frilled lizards
  2 kobolds
  3 rats
45 creatures vanquished.

Notes
Turn   | Place    | Note
-------+----------+-------------------------------------------
     0 | D:1      | DakAttack the Demonspawn Hunter began the quest for the Orb.
     0 | D:1      | Reached XP level 1. HP: 16/16 MP: 1/1
    74 | D:1      | Reached skill level 1 in Stealth
   189 | D:1      | Gained mutation: You are surrounded by a mild repulsion field. (EV +2) [demonic ancestry]
   189 | D:1      | Reached XP level 2. HP: 22/22 MP: 2/2
   864 | D:2      | Reached XP level 3. HP: 28/28 MP: 3/3
   878 | D:2      | Reached skill level 4 in Bows
   953 | D:2      | Found a shattered altar of Ashenzari.
  1410 | D:2      | Found a sacrificial altar of Ru.
  1472 | D:3      | You fall through a shaft!
  1514 | D:4      | Reached skill level 1 in Armour
  1514 | D:4      | Reached XP level 4. HP: 31/34 MP: 4/4
  1934 | D:4      | Gained mutation: You have sharp fingernails. [demonic ancestry]
  1934 | D:4      | Reached XP level 5. HP: 38/41 MP: 5/5
  2036 | D:4      | Found Guh Beoli's Magic Scroll Shoppe.
  2036 | D:4      | Noticed an ogre
  2064 | D:4      | Found Qoakic's General Store.
  2094 | D:3      | Noticed Calypsia's ghost (amateur DsNe)
  2103 | D:3      | HP: 1/41 [Calypsia's ghost/nerve-wracking pain (9)]
  2105 | D:3      | Slain by Calypsia's ghost

Vault maps used:
D:1:      zelgadis_glass_arrival_small, minmay_box_of_dots
D:2:      ashenzari_altar_1, marbit_many_paths
D:3:      lemuel_crystal_altar, first_ration
D:4:      kennysheep_little_box, serial_shops, shop, kennysheep_mini_moat, shop,
          nicolae_shop_statue_plus, shop

Skill      XL: |  1  2  3  4 |
---------------+-------------+-----
Stealth        | 1 |  1.9
Dodging        | 2 |  2.4
Bows           | 4 |  4.5
Armour         | 1 |  1.3
Fighting       | 3 |  3.3

Action                   |  1- 3 |  4- 6 || total
-------------------------+-------+-------++-------
Melee: War axe           |     6 |    15 ||    21
 Fire: Shortbow          |   117 |    55 ||   172
  Use: Scroll            |     5 |     1 ||     6
  Eat: Chunk             |     2 |     1 ||     3
Armor: Leather armour    |     7 |       ||     7
       Ring mail         |    13 |    19 ||    32
Dodge: Dodged            |    43 |    49 ||    92

Table legend:
 A = Spawn XP
 B = Non-spawn XP
 C = Spawn XP percentage of total XP
 D = Spawn monster count
 E = Non-spawn monster count
 F = Spawn count percentage of total count
 G = Total turns spent on level
                    A         B        C        D         E        F      G
               +---------+---------+-------+---------+---------+-------+---------
         Total |       0 |     242 |   0.0 |       0 |      45 |   0.0 |  2105
               +---------+---------+-------+---------+---------+-------+---------
           D:1 |       0 |      35 |   0.0 |       0 |      19 |   0.0 |   811
           D:2 |       0 |      37 |   0.0 |       0 |      15 |   0.0 |   647
           D:3 |       0 |       2 |   0.0 |       0 |       1 |   0.0 |    42
           D:4 |       0 |     168 |   0.0 |       0 |      10 |   0.0 |   605
               +---------+---------+-------+---------+---------+-------+---------
